AoeStats
← Bongo12

Fortress

510453619Analyzed
1v1 RM · 14h ago on Oct 1, 2026· 28m 42s· 2 players
Game mode
Random Map
Map size
Small (3 player)
Population
200
Speed
Normal
Resources
Standard
Victory
Conquest
Starting age
Dark Age
Ending age
Imperial Age
RankedLock teamsTeams togetherTeam positionsShared explorationLock speedFull tech treeHidden civsTurbo modeCheats
Victory
Defeat
🇳🇿 Burgundians · New Zealand
1144
+18
🇺🇸 Khmer · United States
1178
-18
Bongo12
4:22 Double-Bit Axe
7:19 Feudal Age
5:37 Horse Collar
11:46 Castle Age
10:22 Bow Saw
11:27 Heavy Plow
15:30 Two-Man Saw
17:14 Crop Rotation
19:08 Wheelbarrow
18:19 Town Watch
18:21 Loom
19:10 Town Patrol
20:15 Hand Cart
21:48 Burgundian Vineyards
23:22 Scale Barding Armor
23:20 Husbandry
22:41 Cavalier
28:06 Imperial Age
26:50 Chain Barding Armor
28:14 Paladin
29:22 Forging
rafa_ceja99
7:26 Feudal Age
10:18 Castle Age
8:11 Double-Bit Axe
9:20 Horse Collar
11:13 Bow Saw
15:51 Heavy Plow
15:57 Gold Mining
18:13 Loom
23:05 Imperial Age
22:01 Stone Mining
22:47 Gold Shaft Mining
22:58 Wheelbarrow
22:11 Town Watch
23:26 Scale Barding Armor
23:32 Forging
24:21 Bloodlines
24:12 Husbandry
24:00 Cavalier
25:06 Hand Cart
26:12 Chain Barding Armor
26:28 Iron Casting
26:12 Light Cavalry
29:27 Conscription
Connection lost

Rejoining the realm…

Still unreachable

The connection could not be restored.

Session expired

The server has moved on; the page needs a fresh start.